Lightnings vs Devils

Created - 13 décembre 2021 at 17:21

Goals
1 2 3 T
Lightnings 2 1 0 3
Devils 1 0 0 1
Shots
1 2 3 T
Lightnings 11 11 9 31
Devils 11 6 6 23

GoalsPenalties
1st period
1. Devils , Rickard Rakell 6 (Josh Morrissey 22, Tim Stutzle 7) at 6:13
2. Lightnings , Artemi Panarin 8 (David Perron 11, Evgeny Kuznetsov 7) at 13:27
3. Lightnings , Artemi Panarin 9 (David Perron 12, Evgeny Kuznetsov 8) at 17:42
Colin Miller (NJD) for Fighting (Major) at 7:53
MacKenzie Weegar (TAM) for Fighting (Major) at 7:53
2nd period
4. Lightnings , Travis Zajac 8 (Mathieu Perreault 4) at 7:04
Sean Monahan (NJD) for High sticking (Minor) at 10:57
Colin Miller (NJD) for Hooking (Minor) at 16:01
David Perron (TAM) for Hooking (Minor) at 16:01
3rd period
No Goal
Sean Monahan (NJD) for Roughing (Minor) at 0:04
Patrik Nemeth (TAM) for Roughing (Minor) at 4:59
Dryden Hunt (NJD) for Hooking (Minor) at 15:50
Goalie Stats
Andrei Vasilevskiy (TAM), 22 saves from 23 shots - (0,957), W, 13-5-2, 60:00 minutes
Alex Nedeljkovic (NJD), 28 saves from 31 shots - (0,903), L, 13-5-4, 60:00 minutes
3 StarsOfficial
1 - Artemi Panarin (TAM)
2 - Travis Zajac (TAM)
3 - Evgeny Kuznetsov (TAM)
Referees : Mark Lemelin and Garrett Rank
Linesman : Brandon Gawryletz and Trent Knorr
Game Note
Colin Miller and MacKenzie Weegar fight to a draw at 7:53 of 1st period
Finance
Level 1 -- Attendance: 4703 (94,06%) -- Ticket Income 282 180 $
Level 2 -- Attendance: 4000 (100,00%) -- Ticket Income 160 000 $
Level 3 -- Attendance: 3000 (100,00%) -- Ticket Income 60 000 $
Level 4 -- Attendance: 4000 (100,00%) -- Ticket Income 48 000 $
Luxury Box -- Attendance: 901 (90,10%) -- Ticket Income 126 140 $
Game was played at the Prudential Center.
Total Attendance: 16604 (97,67%)
Total Ticket Income: 676 320 $
Other Income: 331 397 $
Total Income: 1 007 717 $



Team Name Goals Shots Shots Attemp Shots Blocked PIM HIT PP PK FO%
Lightnings 33153129250 / 3 (0%)046%
Devils 12347413150 / 1 (0%)054%

Lightnings
Player Name POS G A P +/- PIM HIT SHT SB MP PP MP PP SHT PK MP PK SHT FO% FOT
Artemi PanarinLW2021027018:163:1330:0000% 1
Brandon SaadLW/RW0000024015:493:1301:1300% 0
David PerronLW/RW0221232017:462:4400:000100% 1
Evgeny KuznetsovC0221002019:153:1300:00060% 25
Jani HakanpaaD0001060215:320:0001:2300% 0
Jesper FastRW0001012010:250:0000:460100% 1
Josh AndersonLW/RW0000010014:590:0000:0000% 0
MacKenzie WeegarD0001501017:272:4400:3600% 0
Mathieu PerreaultLW/RW011102009:390:0000:000100% 1
Matt NiskanenD0001010220:120:0001:0000% 0
Nick SuzukiC/RW0000001014:532:4400:46027% 15
Patrik NemethD0001220314:320:0000:0000% 0
Sam ReinhartC/RW0000001015:363:1300:0000% 1
Shea TheodoreD0000011220:040:0000:0000% 0
Timo MeierLW/RW0000003016:442:4400:0000% 1
Travis ZajacC1011013110:520:0001:13040% 10
Victor HedmanD0000030226:143:1300:5900% 0
Vincent TrocheckC/RW0000004017:442:4400:00045% 20
Devils
Player Name POS G A P +/- PIM HIT SHT SB MP PP MP PP SHT PK MP PK SHT FO% FOT
Andreas JohnssonLW/RW0000011015:160:4300:0000% 0
Charlie McAvoyD000-2020023:161:1603:2300% 0
Colin MillerD0000720017:440:0002:3400% 0
Dryden HuntLW000-123008:060:0001:4000% 1
Jason SpezzaC/RW0000003015:160:4300:00059% 17
Jimmy VeseyLW/RW000-2011017:270:0003:1500% 3
Johnny BoychukD0000011119:260:4302:3400% 0
Josh MorrisseyD011-1000020:081:1600:0000% 0
Juho LammikkoC000-100206:270:0000:0000% 1
Kevin StenlundC/RW000-100006:510:0000:24060% 5
Matt GrzelcykD000-1001221:090:4300:1800% 0
Mattias JanmarkC/LW/RW000-2012016:510:0002:3900% 0
Nicolas RoyC000-2001017:580:0002:54055% 22
Rickard RakellC/LW/RW1011023017:161:1600:000100% 3
Sean MonahanC0001413018:131:1600:59057% 23
Tim StutzleLW0111003017:011:1610:0000% 1
Travis DermottD0000010118:150:0003:0500% 0
Tyler JohnsonC/LW/RW0000002015:190:4300:0300% 0

Lightnings

5 vs 5 Forward
Line #Left WingCenterRight WingPHYDFOFWanted %Time %Time Play
1Artemi PanarinEvgeny KuznetsovDavid Perron0233230%15:03
2Josh AndersonVincent TrocheckTimo Meier0232828%14:00
3Brandon SaadNick SuzukiSam Reinhart0232523%11:23
4Mathieu PerreaultTravis ZajacJesper Fast1221519%9:39
5 vs 5 Defense
Line #DefenseDefensePHYDFOFWanted %Time %Time Play
1Victor HedmanShea Theodore0234238%19:01
2Patrik NemethMatt Niskanen0322929%14:33
3MacKenzie WeegarJani Hakanpaa0412028%13:47
4Victor HedmanMatt Niskanen03295%2:44
Power Play Forward
Line #Left WingCenterRight WingPHYDFOFWanted %Time %Time Play
1Artemi PanarinEvgeny KuznetsovSam Reinhart0055354%3:13
2David PerronVincent TrocheckNick Suzuki0054746%2:44
Power Play Defense
Line #DefenseDefensePHYDFOFWanted %Time %Time Play
1Brandon SaadVictor Hedman0145354%3:13
2MacKenzie WeegarTimo Meier0144746%2:44
Penalty Kill 4 Players Forward
Line #CenterWingPHYDFOFWanted %Time %Time Play
1Travis ZajacBrandon Saad0415061%1:13
2Nick SuzukiJesper Fast1315039%0:46
Penalty Kill 4 Players Defense
Line #DefenseDefensePHYDFOFWanted %Time %Time Play
1Matt NiskanenMacKenzie Weegar1225030%0:36
2Patrik NemethJani Hakanpaa1315070%1:23
Penalty Kill 3 Players
Line #WingPHYDFOFWanted %Time %Time PlayDefenseDefensePHYDFOFWanted %Time %Time Play
1Travis Zajac041500%0:00 Victor HedmanPatrik Nemeth050500%0:00
2Vincent Trocheck041500%0:00 MacKenzie WeegarMatt Niskanen041500%0:00
4 vs 4 Forward
Line #CenterWingPHYDFOFWanted %Time %Time Play
1Evgeny KuznetsovJosh Anderson0235050%0:59
2Vincent TrocheckSam Reinhart1225050%1:00
4 vs 4 Defense
Line #DefensePHYDFOFWanted %Time %Time Play
1Victor HedmanShea Theodore1315050%50% - 1:00
2Matt NiskanenMacKenzie Weegar0325050%50% - 0:59
Last Minutes Offensive
Left WingCenterRight WingDefenseDefense
Vincent TrocheckArtemi PanarinEvgeny KuznetsovVictor HedmanMatt Niskanen
Last Minutes Defensive
Left WingCenterRight WingDefenseDefense
Vincent TrocheckArtemi PanarinEvgeny KuznetsovVictor HedmanMatt Niskanen
Time
Total ForwardTotal DefenseLast Minutes OffensiveLast Minutes Defensive
60:00 60:00 0:000:00
Extra Forwards
Normal PowerPlayPenalty Kill
Evgeny Kuznetsov, Artemi Panarin, Vincent TrocheckEvgeny Kuznetsov, Artemi PanarinVincent Trocheck
Extra Defensemen
Normal PowerPlayPenalty Kill
Matt Niskanen, Victor Hedman, MacKenzie WeegarMatt Niskanen, Matt NiskanenVictor Hedman
Penalty Shots
Evgeny Kuznetsov, Nick Suzuki, Artemi Panarin, Timo Meier, Sam Reinhart
Goalie
Andrei Vasilevskiy, Jack Campbell
Custom OT Lines Forwards
Vincent Trocheck, Evgeny Kuznetsov, Artemi Panarin, Nick Suzuki, Sam Reinhart, Travis Zajac, Timo Meier, Brandon Saad, Josh Anderson, David Perron
Custom OT Lines Defensemen
Matt Niskanen, Victor Hedman, MacKenzie Weegar, Patrik Nemeth, Shea Theodore
Scratches
None

Devils

5 vs 5 Forward
Line #Left WingCenterRight WingPHYDFOFWanted %Time %Time Play
1Tim StutzleSean MonahanRickard Rakell0143230%14:53
2Mattias JanmarkNicolas RoyJimmy Vesey1312928%14:12
3Andreas JohnssonJason SpezzaTyler Johnson0142929%14:33
4Juho LammikkoKevin StenlundDryden Hunt1311013%6:27
5 vs 5 Defense
Line #DefenseDefensePHYDFOFWanted %Time %Time Play
1Charlie McAvoyMatt Grzelcyk1224234%17:03
2Josh MorrisseyColin Miller1223735%17:18
3Johnny BoychukTravis Dermott2302130%15:10
4Charlie McAvoyJosh Morrissey12201%0:34
Power Play Forward
Line #Left WingCenterRight WingPHYDFOFWanted %Time %Time Play
1Rickard RakellSean MonahanTim Stutzle0055964%1:16
2Tyler JohnsonJason SpezzaAndreas Johnsson0234136%0:43
Power Play Defense
Line #DefenseDefensePHYDFOFWanted %Time %Time Play
1Charlie McAvoyJosh Morrissey0145964%1:16
2Johnny BoychukMatt Grzelcyk1224136%0:43
Penalty Kill 4 Players Forward
Line #CenterWingPHYDFOFWanted %Time %Time Play
1Nicolas RoyJimmy Vesey1225049%2:54
2Sean MonahanMattias Janmark1225051%3:03
Penalty Kill 4 Players Defense
Line #DefenseDefensePHYDFOFWanted %Time %Time Play
1Charlie McAvoyTravis Dermott1225057%3:23
2Johnny BoychukColin Miller1225043%2:34
Penalty Kill 3 Players
Line #WingPHYDFOFWanted %Time %Time PlayDefenseDefensePHYDFOFWanted %Time %Time Play
1Nicolas Roy122500%0:00 Charlie McAvoyTravis Dermott122500%0:00
2Mattias Janmark122500%0:00 Johnny BoychukColin Miller122500%0:00
4 vs 4 Forward
Line #CenterWingPHYDFOFWanted %Time %Time Play
1Sean MonahanRickard Rakell1225056%1:07
2Nicolas RoyTim Stutzle1225044%0:52
4 vs 4 Defense
Line #DefensePHYDFOFWanted %Time %Time Play
1Charlie McAvoyJosh Morrissey1225050%50% - 1:00
2Johnny BoychukMatt Grzelcyk1225050%50% - 0:59
Last Minutes Offensive
Left WingCenterRight WingDefenseDefense
Rickard RakellSean MonahanTim StutzleCharlie McAvoyJosh Morrissey
Last Minutes Defensive
Left WingCenterRight WingDefenseDefense
Jimmy VeseyNicolas RoyMattias JanmarkCharlie McAvoyTravis Dermott
Time
Total ForwardTotal DefenseLast Minutes OffensiveLast Minutes Defensive
60:00 60:00 0:000:00
Extra Forwards
Normal PowerPlayPenalty Kill
Andreas Johnsson, Tyler Johnson, Mattias JanmarkAndreas Johnsson, Tyler JohnsonDryden Hunt
Extra Defensemen
Normal PowerPlayPenalty Kill
Travis Dermott, Matt Grzelcyk, Johnny BoychukTravis Dermott, Matt GrzelcykJohnny Boychuk
Penalty Shots
Sean Monahan, Rickard Rakell, Tim Stutzle, Tyler Johnson, Mattias Janmark
Goalie
Alex Nedeljkovic, Braden Holtby
Custom OT Lines Forwards
Sean Monahan, Rickard Rakell, Nicolas Roy, Tim Stutzle, Andreas Johnsson, Jason Spezza, Tyler Johnson, Mattias Janmark, Jimmy Vesey, Dryden Hunt
Custom OT Lines Defensemen
Charlie McAvoy, Josh Morrissey, Matt Grzelcyk, Colin Miller, Travis Dermott
Scratches
Luke Schenn (Healthy), Malcolm Subban (Healthy)


Play-by-Play

1st period


0:01 of 1st period - Sean Monahan wins face-off versus Evgeny Kuznetsov in neutral zone.
0:04 of 1st period - Shot by Charlie McAvoy.
0:04 of 1st period - Shot Misses the Net.
0:56 of 1st period - Shot by Timo Meier.
0:56 of 1st period - Shot Misses the Net.
0:58 of 1st period - Shot by Matt Niskanen.
0:58 of 1st period - Shot Misses the Net.
1:02 of 1st period - Shot by Timo Meier.
1:02 of 1st period - Deflect By Vincent Trocheck.
1:02 of 1st period - Shot Blocked by Matt Grzelcyk.
1:16 of 1st period - Josh Anderson is hit by Charlie McAvoy.
1:33 of 1st period - Shot by Timo Meier.
1:33 of 1st period - Stopped by Alex Nedeljkovic without a rebound.
1:34 of 1st period - Nicolas Roy wins face-off versus Nick Suzuki in Devils zone.
2:00 of 1st period - Shot by Josh Morrissey.
2:00 of 1st period - Shot Misses the Net.
2:28 of 1st period - Johnny Boychuk is hit by Brandon Saad and loses puck.
2:57 of 1st period - Shot by Andreas Johnsson.
2:57 of 1st period - Shot Hit the Post.
2:59 of 1st period - Shot by Johnny Boychuk.
2:59 of 1st period - Stopped by Andrei Vasilevskiy without a rebound.
3:00 of 1st period - Evgeny Kuznetsov wins face-off versus Juho Lammikko in Lightnings zone.
3:10 of 1st period - Josh Morrissey is hit by Matt Niskanen and loses puck.
3:35 of 1st period - Josh Morrissey is hit by David Perron and loses puck.
4:12 of 1st period - Shot by Nicolas Roy.
4:12 of 1st period - Shot Blocked by Shea Theodore.
4:14 of 1st period - Shot by Mattias Janmark.
4:14 of 1st period - Stopped by Andrei Vasilevskiy without a rebound.
4:15 of 1st period - Jason Spezza wins face-off versus Vincent Trocheck in Lightnings zone.
4:16 of 1st period - Shot by Andreas Johnsson.
4:16 of 1st period - Stopped by Andrei Vasilevskiy without a rebound.
4:17 of 1st period - Vincent Trocheck wins face-off versus Jason Spezza in Lightnings zone.
4:30 of 1st period - Shot by Timo Meier.
4:30 of 1st period - Deflect By Vincent Trocheck.
4:30 of 1st period - Stopped by Alex Nedeljkovic with a rebound.
4:46 of 1st period - Shot by Vincent Trocheck.
4:46 of 1st period - Shot Misses the Net.
5:34 of 1st period - Shot by Jimmy Vesey.
5:34 of 1st period - Shot Blocked by Patrik Nemeth.
5:36 of 1st period - Shot by Nicolas Roy.
5:36 of 1st period - Shot Blocked by Patrik Nemeth.
5:38 of 1st period - Shot by Jimmy Vesey.
5:38 of 1st period - Shot Misses the Net.
5:51 of 1st period - Shot by Mattias Janmark.
5:51 of 1st period - Stopped by Andrei Vasilevskiy without a rebound.
5:52 of 1st period - Rickard Rakell wins face-off versus Nick Suzuki in Lightnings zone.
5:55 of 1st period - Shot by Sean Monahan.
5:55 of 1st period - Stopped by Andrei Vasilevskiy without a rebound.
5:56 of 1st period - Evgeny Kuznetsov wins face-off versus Sean Monahan in Lightnings zone.
6:13 of 1st period - Shot by Rickard Rakell.
6:13 of 1st period - Goal by Rickard Rakell - Lightnings : 0 - Devils : 1.
6:14 of 1st period - Jason Spezza wins face-off versus Vincent Trocheck in neutral zone.
7:16 of 1st period - Shot by Brandon Saad.
7:16 of 1st period - Stopped by Alex Nedeljkovic without a rebound.
7:17 of 1st period - Evgeny Kuznetsov wins face-off versus Tim Stutzle in Devils zone.
7:49 of 1st period - Sean Monahan is hit by Jani Hakanpaa and loses puck.
7:53 of 1st period - Colin Miller and MacKenzie Weegar fight to a draw.
7:53 of 1st period - Penalty to Colin Miller for Fighting.
7:53 of 1st period - Penalty to MacKenzie Weegar for Fighting.
7:54 of 1st period - Nicolas Roy wins face-off versus Nick Suzuki in neutral zone.
9:12 of 1st period - Shot by Tim Stutzle.
9:12 of 1st period - Stopped by Andrei Vasilevskiy without a rebound.
9:13 of 1st period - Jason Spezza wins face-off versus Evgeny Kuznetsov in Lightnings zone.
9:13 of 1st period - Josh Morrissey is hit by Jani Hakanpaa and loses puck.
9:21 of 1st period - Josh Morrissey is hit by Jani Hakanpaa and loses puck.
9:57 of 1st period - Matt Grzelcyk is hit by David Perron and loses puck.
10:22 of 1st period - Shot by Travis Zajac.
10:22 of 1st period - Shot Misses the Net.
10:31 of 1st period - Jesper Fast is hit by Johnny Boychuk and loses puck.
10:51 of 1st period - Icing by Tim Stutzle.
10:52 of 1st period - Sean Monahan wins face-off versus Nick Suzuki in Devils zone.
11:59 of 1st period - Shot by Jimmy Vesey.
11:59 of 1st period - Stopped by Andrei Vasilevskiy without a rebound.
12:00 of 1st period - Kevin Stenlund wins face-off versus Evgeny Kuznetsov in Lightnings zone.
12:12 of 1st period - Artemi Panarin is hit by Dryden Hunt and loses puck.
12:29 of 1st period - Shot by Juho Lammikko.
12:29 of 1st period - Stopped by Andrei Vasilevskiy without a rebound.
12:30 of 1st period - Nicolas Roy wins face-off versus Vincent Trocheck in Lightnings zone.
12:41 of 1st period - Shot by Nicolas Roy.
12:41 of 1st period - Stopped by Andrei Vasilevskiy without a rebound.
12:42 of 1st period - Jason Spezza wins face-off versus Nick Suzuki in Lightnings zone.
12:42 of 1st period - Jason Spezza is hit by Shea Theodore.
12:53 of 1st period - Off-side.
12:54 of 1st period - Evgeny Kuznetsov wins face-off versus Nicolas Roy in neutral zone.
13:27 of 1st period - Shot by David Perron.
13:27 of 1st period - Deflect By Artemi Panarin.
13:27 of 1st period - Goal by Artemi Panarin - Lightnings : 1 - Devils : 1.
13:28 of 1st period - Jason Spezza wins face-off versus Timo Meier in neutral zone.
13:34 of 1st period - Icing by Patrik Nemeth.
13:35 of 1st period - Sean Monahan wins face-off versus Vincent Trocheck in Lightnings zone.
13:54 of 1st period - Shot by Vincent Trocheck.
13:54 of 1st period - Stopped by Alex Nedeljkovic without a rebound.
13:55 of 1st period - Nicolas Roy wins face-off versus Nick Suzuki in Devils zone.
14:14 of 1st period - Shot by Jimmy Vesey.
14:14 of 1st period - Shot Blocked by Victor Hedman.
14:47 of 1st period - Mattias Janmark is hit by Patrik Nemeth and loses puck.
15:08 of 1st period - Shot by Vincent Trocheck.
15:08 of 1st period - Stopped by Alex Nedeljkovic without a rebound.
15:09 of 1st period - Evgeny Kuznetsov wins face-off versus Jason Spezza in Devils zone.
15:23 of 1st period - Icing by Jani Hakanpaa.
15:24 of 1st period - Sean Monahan wins face-off versus Evgeny Kuznetsov in Lightnings zone.
15:31 of 1st period - Shot by Sean Monahan.
15:31 of 1st period - Stopped by Andrei Vasilevskiy without a rebound.
15:32 of 1st period - Travis Zajac wins face-off versus Jason Spezza in Lightnings zone.
15:39 of 1st period - Shot by Jesper Fast.
15:39 of 1st period - Stopped by Alex Nedeljkovic without a rebound.
15:40 of 1st period - Evgeny Kuznetsov wins face-off versus Sean Monahan in Devils zone.
15:45 of 1st period - Shot by Artemi Panarin.
15:45 of 1st period - Shot Misses the Net.
15:47 of 1st period - Shot by Victor Hedman.
15:47 of 1st period - Shot Blocked by Matt Grzelcyk.
15:49 of 1st period - Shot by Victor Hedman.
15:49 of 1st period - Shot Hit the Post.
15:51 of 1st period - Shot by Evgeny Kuznetsov.
15:51 of 1st period - Stopped by Alex Nedeljkovic without a rebound.
15:52 of 1st period - Vincent Trocheck wins face-off versus Jason Spezza in Devils zone.
15:55 of 1st period - Shot by Vincent Trocheck.
15:55 of 1st period - Stopped by Alex Nedeljkovic with a rebound.
16:19 of 1st period - Shot by Vincent Trocheck.
16:19 of 1st period - Deflect By Timo Meier.
16:19 of 1st period - Stopped by Alex Nedeljkovic without a rebound.
16:20 of 1st period - Sean Monahan wins face-off versus Travis Zajac in Devils zone.
16:47 of 1st period - Icing by Victor Hedman.
16:48 of 1st period - Travis Zajac wins face-off versus Kevin Stenlund in Lightnings zone.
16:48 of 1st period - Travis Zajac is hit by Dryden Hunt.
17:11 of 1st period - Shea Theodore is hit by Colin Miller and loses puck.
17:42 of 1st period - Shot by Artemi Panarin.
17:42 of 1st period - Goal by Artemi Panarin - Lightnings : 2 - Devils : 1.
17:43 of 1st period - Jason Spezza wins face-off versus Nick Suzuki in neutral zone.
18:02 of 1st period - Shot by Charlie McAvoy.
18:02 of 1st period - Shot Blocked by Jani Hakanpaa.
18:04 of 1st period - Shot by Tyler Johnson.
18:04 of 1st period - Shot Blocked by Jani Hakanpaa.
18:51 of 1st period - Shot by Rickard Rakell.
18:51 of 1st period - Shot Blocked by Shea Theodore.
19:28 of 1st period - Victor Hedman is hit by Colin Miller and loses puck.
Goals for this period are 2 for Lightnings vs 1 for Devils.
Shots for this period are 11 for Lightnings vs 11 for Devils.

2nd period


0:01 of 2nd period - Vincent Trocheck wins face-off versus Jason Spezza in neutral zone.
1:14 of 2nd period - Shot by Brandon Saad.
1:14 of 2nd period - Shot Misses the Net.
1:16 of 2nd period - Shot by Brandon Saad.
1:16 of 2nd period - Stopped by Alex Nedeljkovic without a rebound.
1:17 of 2nd period - David Perron wins face-off versus Nicolas Roy in Devils zone.
1:18 of 2nd period - Shot by Artemi Panarin.
1:18 of 2nd period - Stopped by Alex Nedeljkovic with a rebound.
1:21 of 2nd period - Icing by Travis Dermott.
1:22 of 2nd period - Evgeny Kuznetsov wins face-off versus Jimmy Vesey in Devils zone.
1:25 of 2nd period - Shot by MacKenzie Weegar.
1:25 of 2nd period - Stopped by Alex Nedeljkovic without a rebound.
1:26 of 2nd period - Sean Monahan wins face-off versus Evgeny Kuznetsov in Devils zone.
1:37 of 2nd period - Shot by Rickard Rakell.
1:37 of 2nd period - Stopped by Andrei Vasilevskiy without a rebound.
1:38 of 2nd period - Nicolas Roy wins face-off versus Vincent Trocheck in Lightnings zone.
1:44 of 2nd period - Icing by Victor Hedman.
1:45 of 2nd period - Rickard Rakell wins face-off versus Vincent Trocheck in Lightnings zone.
1:45 of 2nd period - Matt Grzelcyk is hit by Victor Hedman and loses puck.
2:11 of 2nd period - Tim Stutzle is hit by Victor Hedman and loses puck.
2:26 of 2nd period - Shot by Sean Monahan.
2:26 of 2nd period - Deflect By Tim Stutzle.
2:26 of 2nd period - Stopped by Andrei Vasilevskiy with a rebound.
2:28 of 2nd period - Shot by Sean Monahan.
2:28 of 2nd period - Shot Misses the Net.
2:47 of 2nd period - Icing by Colin Miller.
2:48 of 2nd period - Nick Suzuki wins face-off versus Nicolas Roy in Devils zone.
2:59 of 2nd period - Shot by Brandon Saad.
2:59 of 2nd period - Stopped by Alex Nedeljkovic without a rebound.
3:00 of 2nd period - Jason Spezza wins face-off versus Evgeny Kuznetsov in Devils zone.
3:00 of 2nd period - Jason Spezza is hit by David Perron.
3:16 of 2nd period - Shot by Travis Dermott.
3:16 of 2nd period - Shot Blocked by Patrik Nemeth.
3:36 of 2nd period - Shot by Evgeny Kuznetsov.
3:36 of 2nd period - Shot Misses the Net.
4:53 of 2nd period - Off-side.
4:54 of 2nd period - Travis Zajac wins face-off versus Kevin Stenlund in neutral zone.
5:15 of 2nd period - Shot by Juho Lammikko.
5:15 of 2nd period - Shot Misses the Net.
5:21 of 2nd period - Victor Hedman is hit by Dryden Hunt.
6:03 of 2nd period - Shot by Sean Monahan.
6:03 of 2nd period - Shot Misses the Net.
6:13 of 2nd period - Shot by Tim Stutzle.
6:13 of 2nd period - Shot Hit the Post.
6:15 of 2nd period - Shot by Sean Monahan.
6:15 of 2nd period - Stopped by Andrei Vasilevskiy without a rebound.
6:16 of 2nd period - Vincent Trocheck wins face-off versus Nicolas Roy in Lightnings zone.
6:58 of 2nd period - Icing by Matt Grzelcyk.
6:59 of 2nd period - Mathieu Perreault wins face-off versus Nicolas Roy in Devils zone.
7:04 of 2nd period - Shot by Travis Zajac.
7:04 of 2nd period - Goal by Travis Zajac - Lightnings : 3 - Devils : 1.
7:05 of 2nd period - Nick Suzuki wins face-off versus Sean Monahan in neutral zone.
7:14 of 2nd period - Shot by Brandon Saad.
7:14 of 2nd period - Shot Misses the Net.
7:22 of 2nd period - Shot by Brandon Saad.
7:22 of 2nd period - Stopped by Alex Nedeljkovic without a rebound.
7:23 of 2nd period - Jason Spezza wins face-off versus Vincent Trocheck in Devils zone.
7:23 of 2nd period - Jason Spezza is hit by Josh Anderson.
7:29 of 2nd period - Shot by Vincent Trocheck.
7:29 of 2nd period - Deflect By Timo Meier.
7:29 of 2nd period - Shot Misses the Net.
7:48 of 2nd period - Off-side.
7:49 of 2nd period - Sean Monahan wins face-off versus Nick Suzuki in neutral zone.
8:12 of 2nd period - Shot by Sean Monahan.
8:12 of 2nd period - Shot Blocked by Victor Hedman.
9:04 of 2nd period - Shot by Tyler Johnson.
9:04 of 2nd period - Deflect By Jason Spezza.
9:04 of 2nd period - Stopped by Andrei Vasilevskiy without a rebound.
9:05 of 2nd period - Nicolas Roy wins face-off versus Travis Zajac in Lightnings zone.
9:22 of 2nd period - Mattias Janmark is hit by Jesper Fast and loses puck.
9:28 of 2nd period - Johnny Boychuk is hit by Mathieu Perreault and loses puck.
9:55 of 2nd period - Mattias Janmark is hit by Jani Hakanpaa and loses puck.
10:22 of 2nd period - Shot by Vincent Trocheck.
10:22 of 2nd period - Deflect By Timo Meier.
10:22 of 2nd period - Stopped by Alex Nedeljkovic with a rebound.
10:57 of 2nd period - Minor Penalty to Sean Monahan for High sticking.
10:58 of 2nd period - Evgeny Kuznetsov wins face-off versus Dryden Hunt in Devils zone.
12:30 of 2nd period - Icing by MacKenzie Weegar.
12:31 of 2nd period - Vincent Trocheck wins face-off versus Jimmy Vesey in Lightnings zone.
13:27 of 2nd period - Shot by Josh Morrissey.
13:27 of 2nd period - Shot Blocked by Matt Niskanen.
14:05 of 2nd period - Shot by Vincent Trocheck.
14:05 of 2nd period - Shot Misses the Net.
14:11 of 2nd period - Shot by Matt Grzelcyk.
14:11 of 2nd period - Stopped by Andrei Vasilevskiy without a rebound.
14:12 of 2nd period - Kevin Stenlund wins face-off versus Evgeny Kuznetsov in Lightnings zone.
14:29 of 2nd period - Shot by David Perron.
14:29 of 2nd period - Stopped by Alex Nedeljkovic without a rebound.
14:30 of 2nd period - Vincent Trocheck wins face-off versus Nicolas Roy in Devils zone.
14:54 of 2nd period - Matt Niskanen is hit by Mattias Janmark.
15:00 of 2nd period - Icing by Matt Grzelcyk.
15:01 of 2nd period - Nick Suzuki wins face-off versus Nicolas Roy in Devils zone.
15:06 of 2nd period - Shot by Brandon Saad.
15:06 of 2nd period - Shot Misses the Net.
15:44 of 2nd period - Andreas Johnsson is hit by Brandon Saad and loses puck.
15:55 of 2nd period - Shot by Andreas Johnsson.
15:55 of 2nd period - Deflect By Tyler Johnson.
15:55 of 2nd period - Stopped by Andrei Vasilevskiy without a rebound.
15:56 of 2nd period - Evgeny Kuznetsov wins face-off versus Sean Monahan in Lightnings zone.
15:56 of 2nd period - Evgeny Kuznetsov is hit by Rickard Rakell.
16:01 of 2nd period - Minor Penalty to Colin Miller for Hooking.
16:01 of 2nd period - Minor Penalty to David Perron for Hooking.
16:02 of 2nd period - Evgeny Kuznetsov wins face-off versus Sean Monahan in Devils zone.
16:09 of 2nd period - Shot by Evgeny Kuznetsov.
16:09 of 2nd period - Stopped by Alex Nedeljkovic without a rebound.
16:10 of 2nd period - Sean Monahan wins face-off versus Evgeny Kuznetsov in Devils zone.
17:31 of 2nd period - Shot by Shea Theodore.
17:31 of 2nd period - Stopped by Alex Nedeljkovic without a rebound.
17:32 of 2nd period - Nicolas Roy wins face-off versus Sam Reinhart in Devils zone.
18:03 of 2nd period - Icing by Johnny Boychuk.
18:04 of 2nd period - Evgeny Kuznetsov wins face-off versus Jason Spezza in Devils zone.
18:25 of 2nd period - Evgeny Kuznetsov is hit by Andreas Johnsson and loses puck.
19:29 of 2nd period - Shot by Travis Zajac.
19:29 of 2nd period - Stopped by Alex Nedeljkovic without a rebound.
19:30 of 2nd period - Sean Monahan wins face-off versus Nick Suzuki in Devils zone.
19:35 of 2nd period - Victor Hedman is hit by Rickard Rakell and loses puck.
Goals for this period are 1 for Lightnings vs 0 for Devils.
Shots for this period are 11 for Lightnings vs 6 for Devils.

3rd period


0:01 of 3rd period - Sean Monahan wins face-off versus Evgeny Kuznetsov in neutral zone.
0:03 of 3rd period - Off-side.
0:04 of 3rd period - Evgeny Kuznetsov wins face-off versus Sean Monahan in neutral zone.
0:04 of 3rd period - Minor Penalty to Sean Monahan for Roughing.
0:05 of 3rd period - Nicolas Roy wins face-off versus Evgeny Kuznetsov in Devils zone.
0:24 of 3rd period - Shot by Artemi Panarin.
0:24 of 3rd period - Stopped by Alex Nedeljkovic without a rebound.
0:25 of 3rd period - Nicolas Roy wins face-off versus Vincent Trocheck in Devils zone.
1:22 of 3rd period - Colin Miller is hit by Artemi Panarin and loses puck.
2:04 of 3rd period - Icing by Jimmy Vesey.
2:05 of 3rd period - Sean Monahan wins face-off versus Travis Zajac in Devils zone.
2:07 of 3rd period - Icing by Charlie McAvoy.
2:08 of 3rd period - Rickard Rakell wins face-off versus Travis Zajac in Devils zone.
3:06 of 3rd period - Shot by Josh Anderson.
3:06 of 3rd period - Shot Misses the Net.
3:09 of 3rd period - Icing by Matt Grzelcyk.
3:10 of 3rd period - Evgeny Kuznetsov wins face-off versus Sean Monahan in Devils zone.
3:54 of 3rd period - Shot by Artemi Panarin.
3:54 of 3rd period - Stopped by Alex Nedeljkovic without a rebound.
3:55 of 3rd period - Vincent Trocheck wins face-off versus Jason Spezza in Devils zone.
4:00 of 3rd period - Shot by Shea Theodore.
4:00 of 3rd period - Shot Blocked by Travis Dermott.
4:58 of 3rd period - Josh Morrissey is hit by Patrik Nemeth and loses puck.
4:59 of 3rd period - Minor Penalty to Patrik Nemeth for Roughing.
5:00 of 3rd period - Sean Monahan wins face-off versus Nick Suzuki in Lightnings zone.
5:03 of 3rd period - Shot by Charlie McAvoy.
5:03 of 3rd period - Shot Blocked by Matt Niskanen.
6:22 of 3rd period - Shot by Matt Grzelcyk.
6:22 of 3rd period - Shot Blocked by Travis Zajac.
6:58 of 3rd period - Shot by Tim Stutzle.
6:58 of 3rd period - Stopped by Andrei Vasilevskiy with a rebound.
7:08 of 3rd period - Shot by David Perron.
7:08 of 3rd period - Shot Blocked by Johnny Boychuk.
7:10 of 3rd period - Shot by Artemi Panarin.
7:10 of 3rd period - Shot Misses the Net.
7:52 of 3rd period - Icing by Josh Anderson.
7:53 of 3rd period - Kevin Stenlund wins face-off versus Vincent Trocheck in Lightnings zone.
8:02 of 3rd period - Shot by Juho Lammikko.
8:02 of 3rd period - Stopped by Andrei Vasilevskiy with a rebound.
8:52 of 3rd period - Shot by Jason Spezza.
8:52 of 3rd period - Stopped by Andrei Vasilevskiy without a rebound.
8:53 of 3rd period - Evgeny Kuznetsov wins face-off versus Sean Monahan in Lightnings zone.
8:53 of 3rd period - Evgeny Kuznetsov is hit by Sean Monahan.
9:02 of 3rd period - Icing by Colin Miller.
9:03 of 3rd period - Sean Monahan wins face-off versus Nick Suzuki in Devils zone.
10:09 of 3rd period - Shot by David Perron.
10:09 of 3rd period - Stopped by Alex Nedeljkovic without a rebound.
10:10 of 3rd period - Vincent Trocheck wins face-off versus Nicolas Roy in Devils zone.
11:12 of 3rd period - Shot by Tyler Johnson.
11:12 of 3rd period - Shot Misses the Net.
11:19 of 3rd period - Vincent Trocheck is hit by Travis Dermott and loses puck.
12:04 of 3rd period - Josh Morrissey is hit by Artemi Panarin and loses puck.
12:37 of 3rd period - Shot by Sam Reinhart.
12:37 of 3rd period - Stopped by Alex Nedeljkovic without a rebound.
12:38 of 3rd period - Travis Zajac wins face-off versus Nicolas Roy in Devils zone.
12:41 of 3rd period - Shot by Jesper Fast.
12:41 of 3rd period - Stopped by Alex Nedeljkovic without a rebound.
12:42 of 3rd period - Nicolas Roy wins face-off versus Travis Zajac in Devils zone.
12:42 of 3rd period - Nicolas Roy is hit by Travis Zajac.
12:52 of 3rd period - Shot by Jesper Fast.
12:52 of 3rd period - Shot Misses the Net.
12:54 of 3rd period - Shot by Jesper Fast.
12:54 of 3rd period - Shot Misses the Net.
12:56 of 3rd period - Shot by Travis Zajac.
12:56 of 3rd period - Shot Misses the Net.
14:22 of 3rd period - Shot by Rickard Rakell.
14:22 of 3rd period - Shot Misses the Net.
14:24 of 3rd period - Shot by Rickard Rakell.
14:24 of 3rd period - Shot Misses the Net.
14:55 of 3rd period - Tyler Johnson is hit by Victor Hedman.
14:59 of 3rd period - Shot by Andreas Johnsson.
14:59 of 3rd period - Shot Misses the Net.
15:46 of 3rd period - Vincent Trocheck is hit by Charlie McAvoy and loses puck.
15:50 of 3rd period - Minor Penalty to Dryden Hunt for Hooking.
15:51 of 3rd period - Nicolas Roy wins face-off versus Vincent Trocheck in Devils zone.
16:45 of 3rd period - Shot by Brandon Saad.
16:45 of 3rd period - Shot Misses the Net.
16:47 of 3rd period - Shot by Artemi Panarin.
16:47 of 3rd period - Stopped by Alex Nedeljkovic without a rebound.
16:48 of 3rd period - Evgeny Kuznetsov wins face-off versus Nicolas Roy in Devils zone.
17:01 of 3rd period - Shot by Artemi Panarin.
17:01 of 3rd period - Stopped by Alex Nedeljkovic without a rebound.
17:02 of 3rd period - Vincent Trocheck wins face-off versus Sean Monahan in Devils zone.
17:50 of 3rd period - Shot by Nick Suzuki.
17:50 of 3rd period - Stopped by Alex Nedeljkovic with a rebound.
17:54 of 3rd period - Shot by Travis Zajac.
17:54 of 3rd period - Stopped by Alex Nedeljkovic without a rebound.
17:55 of 3rd period - Jason Spezza wins face-off versus Travis Zajac in Devils zone.
17:55 of 3rd period - Jason Spezza is hit by Mathieu Perreault.
18:01 of 3rd period - Shot by Tyler Johnson.
18:01 of 3rd period - Stopped by Andrei Vasilevskiy without a rebound.
18:02 of 3rd period - Jesper Fast wins face-off versus Jimmy Vesey in Lightnings zone.
18:02 of 3rd period - Jesper Fast is hit by Jimmy Vesey.
19:11 of 3rd period - Icing by Andreas Johnsson.
19:12 of 3rd period - Jason Spezza wins face-off versus Vincent Trocheck in Devils zone.
19:29 of 3rd period - Shot by Jason Spezza.
19:29 of 3rd period - Stopped by Andrei Vasilevskiy without a rebound.
19:30 of 3rd period - Nick Suzuki wins face-off versus Sean Monahan in Lightnings zone.
19:45 of 3rd period - Shot by Tim Stutzle.
19:45 of 3rd period - Deflect By Rickard Rakell.
19:45 of 3rd period - Stopped by Andrei Vasilevskiy without a rebound.
19:46 of 3rd period - Nicolas Roy wins face-off versus Artemi Panarin in Lightnings zone.
19:46 of 3rd period - Johnny Boychuk is hit by Jani Hakanpaa and loses puck.
19:56 of 3rd period - Mattias Janmark is hit by Jani Hakanpaa and loses puck.
Goals for this period are 0 for Lightnings vs 0 for Devils.
Shots for this period are 9 for Lightnings vs 6 for Devils.